Cogmind - Beta 13 @@@ ROGUE MODE // 2024.05.17 @ 01:06:15 Player: Vault Result: Destroyed by T6-3OV(z) with Makeshift Spear Performance ------------- Evolutions (1) 500 Regions Visited (4) 800 Robots Destroyed (49) 245 Value Destroyed (1166) 1166 Prototype IDs (3) 60 Alien Tech Used (0) 0 Bonus (34) 34 TOTAL SCORE: 2805 Bonus ------- High Alert Combat Kills 34 Cogmind --------- Core Integrity 0/400 Matter 214/300 Energy 170/170 System Corruption 2% Temperature Cool (45) Movement Treading (160) Location -7/Zion Parts ------- > --- POWER (1) -------- Makeshift Power Source > --- PROPULSION (2) --- Spiked Medium Treads > --- UTILITY (2) ------ Improved Targeting Computer Improved Targeting Computer > --- WEAPON (4) ------- Heavy Battle Rifle Slug Cannon > --- INVENTORY (5) ---- Cooling System Visual Processing Unit Recalibrator Bomb Factory No. 2 Peak State ------------ > --- POWER ------------ Makeshift Power Source > --- PROPULSION ------- Spiked Medium Treads Spiked Medium Treads > --- UTILITY ---------- Improved Targeting Computer Improved Targeting Computer > --- WEAPON ----------- Heavy Battle Rifle Heavy Battle Rifle Slug Cannon > --- INVENTORY -------- Cooling System Visual Processing Unit Recalibrator Bomb Factory No. 2 [Rating: 32] Favorites ----------- Power Ion Engine Engine Ion Engine Power Core Light Nuclear Core Propulsion Improved Aluminum Leg Treads Light Treads Leg Improved Aluminum Leg Wheel Compact Wheel Flight Unit Improved Flight Unit Utility Improved Targeting Computer Device Heat Sink Processor Improved Targeting Computer Protection Light Armor Plating Weapon Rocket Launcher Energy Gun Beam Rifle Energy Cannon Beam Cannon Ballistic Gun Heavy Battle Rifle Ballistic Cannon Slug Cannon Launcher Rocket Launcher Build | -11 -10 -9 -9 -7 ------- Run | Yrd Mat Mat Min Zio Slots Evolved 2 | . . 2 . . Power . | . . . . . Propulsion . | . . . . . Utility . | . . . . . Weapon 2 | . . 2 . . Parts Attached 58 | 4 7 40 . 7 Power 6 | . 1 3 . 2 Engine 5 | . 1 2 . 2 Core 1 | . . 1 . . Reactor . | . . . . . Propulsion 9 | 2 . 5 . 2 Treads 4 | 2 . . . 2 Leg 3 | . . 3 . . Wheel 1 | . . 1 . . Hover . | . . . . . Flight 1 | . . 1 . . Utility 12 | . 2 10 . . Device 5 | . 1 4 . . Storage . | . . . . . Processor 3 | . 1 2 . . Hackware . | . . . . . Protection 4 | . . 4 . . Artifact . | . . . . . Weapon 31 | 2 4 22 . 3 Energy Gun 17 | 2 2 13 . . Energy Cannon 3 | . . 3 . . Ballistic Gun 2 | . . . . 2 Ballistic Cannon 3 | . . 2 . 1 Launcher 6 | . 2 4 . . Special Weapon . | . . . . . Impact Weapon . | . . . . . Slashing Weapon . | . . . . . Piercing Weapon . | . . . . . Special Melee Weapon . | . . . . . Unidentified Prototypes 3 | . . 3 . . Parts Lost 9 | . . 5 . 4 Power 2 | . . 1 . 1 Propulsion 2 | . . 1 . 1 Utility 1 | . . 1 . . Weapon 4 | . . 2 . 2 Highest Loss Streak 2 | . . 2 . 2 To Critical Strikes . | . . . . . Average Slot Usage (%) 84 | . 67 91 88 80 Engine 9 | . 8 10 11 8 Treads 8 | . 28 2 . 9 Leg 8 | . . 13 . . Wheel 2 | . . 1 11 5 Device 5 | . 7 7 . . Processor 8 | . 7 3 22 22 Protection 6 | . . 11 . . Energy Gun 16 | . 2 20 33 14 Energy Cannon 4 | . . 4 11 4 Ballistic Gun 2 | . . . . 10 Ballistic Cannon 2 | . . 1 . 6 Launcher 10 | . 12 13 . . Naked Turns . | . . . . . Heaviest Build 31 | 3 9 31 20 20 Greatest Support 56 | 40 40 40 16 56 Greatest Overweight (x) 2 | . . 2 1 1 Average Overweight (x) . | . . . 1 . Largest Inventory Capacity 5 | 5 5 5 5 5 Average Capacity 5 | 5 5 5 5 5 Most Carried 5 | 3 5 5 1 5 Average Carried 1 | . 2 1 1 2 Final Capacity 5 | 5 5 5 5 5 Final Carried 5 | . 3 1 1 5 Class Distribution -------------------- 22% | Mutant 18% | Gunner 14% | Scavenger-Gunner 11% | Scavenger-Bomber 10% | Bomber 7% | Skirmisher 6% | Tank 5% | Scavenger-Tank 3% | Scavenger-Mutant Dominant Class ---------------- Mutant | -10/Materials Scavenger-Bomber | -9/Materials Gunner | -9/Mines Gunner | -7/Zion Resources | -11 -10 -9 -9 -7 ----------- Run | Yrd Mat Mat Min Zio Matter Collected 1316 | 202 173 664 . 277 Remotely . | . . . . . Salvage Created 1426 | . 238 1005 . 183 Parts 98 | . 29 59 . 10 Haulers Intercepted 2 | . . 2 . . Recyclers Shooed 1 | . . 1 . . Parts Field Recycled . | . . . . . Retrieved Matter . | . . . . . Parts Self-Destructed . | . . . . . Prevented . | . . . . . Kills | -11 -10 -9 -9 -7 ------- Run | Yrd Mat Mat Min Zio Combat Hostiles Destroyed 30 | . 6 22 . 2 Guns 11 | . . 11 . . Cannons 9 | . . 8 . 1 AOE 9 | . 6 3 . . Classes Destroyed 14 | . 7 4 . 3 Worker 5 | . 5 . . . Builder 3 | . 1 2 . . Hauler 2 | . . 2 . . Recycler 2 | . 1 1 . . Mechanic 1 | . . 1 . . Operator 2 | . 1 1 . . Watcher 3 | . 1 2 . . Swarmer 10 | . 3 7 . . Grunt 10 | . 3 7 . . Brawler 1 | . . 1 . . Sentry 7 | . . 7 . . Zionite 1 | . . . . 1 Tinkerer 1 | . . . . 1 Marauder 2 | . . . . 2 Best Kill Streak 8 | . 8 7 . 1 Combat Bots Only 4 | . 4 4 . 1 Max Kills in Single Turn 4 | . 4 2 . 1 Gunslinging . | . . . . . Exploded 3 | . 3 1 . . Melee . | . . . . . Uniques/NPCs Destroyed . | . . . . . Combat | -11 -10 -9 -9 -7 -------- Run | Yrd Mat Mat Min Zio Hostile Shots Fired 222 | . 9 98 . 115 Missed 79 | . 4 23 . 52 Damage Taken 2215 | . 118 1150 . 947 Core 419 | . 10 308 . 101 Absorbed by Shields . | . . . . . Regen/Repaired (Parts) 25 | . . 25 . . Core Remaining (%) 98 | 100 96 . . . Volleys Fired 97 | . 14 59 . 24 Largest 4 | . 2 4 . 4 Hottest 236 | . 90 226 . 236 Shots Fired 265 | . 17 171 . 77 Gun 173 | . 5 115 . 53 Cannon 62 | . . 38 . 24 Launcher 30 | . 12 18 . . Special . | . . . . . Kinetic 41 | . . 3 . 38 Thermal 187 | . 5 143 . 39 Explosive 30 | . 12 18 . . Electromagnetic 7 | . . 7 . . Robot Hit Streak 18 | . 5 14 . 18 Robot Miss Streak 7 | . 3 7 . 7 Penetration Max . | . . . . . Secondary Targets 1 | . . 1 . . Max Gunslinging Chain 1 | . . 1 . . Shots Hit Robots 145 | . 6 90 . 49 Core Hits 80 | . 22 49 . 9 Critical Kills . | . . . . . Critical Parts Destroyed . | . . . . . Critical Strikes 6 | . . 4 . 2 Burn 6 | . . 4 . 2 Melee Attacks . | . . . . . Impact . | . . . . . Slashing . | . . . . . Piercing . | . . . . . Sneak Attacks . | . . . . . Combat Hostiles . | . . . . . Follow-up Attacks . | . . . . . Damage Inflicted 3232 | . 679 1549 . 1004 Guns 1573 | . 12 885 . 676 Cannons 728 | . . 400 . 328 Explosions 891 | . 667 224 . . Melee . | . . . . . Ramming 40 | . . 40 . . Kinetic 648 | . . 53 . 595 Thermal 1591 | . 12 1170 . 409 Explosive 891 | . 667 224 . . Electromagnetic 62 | . . 62 . . Impact . | . . . . . Slashing . | . . . . . Piercing . | . . . . . Highest Corruption 2 | . . 2 2 2 Average Corruption 2 | . . 2 2 2 Corruption Purged . | . . . . . Corruption Blocked . | . . . . . Effects 15 | . . 7 . 8 Message Errors 6 | . . 3 . 3 Matter Fused 3 | . . 2 . 1 Heat Flow Errors 1 | . . . . 1 Energy Discharges 1 | . . 1 . . Data Loss (minor) 2 | . . 1 . 1 Misfires 1 | . . . . 1 Alerts 1 | . . . . 1 Overload Shots . | . . . . . Overflow Damage 24 | . 11 4 . 9 Projectiles 13 | . . 4 . 9 Explosions 11 | . 11 . . . Melee . | . . . . . Knockbacks . | . . . . . Impact . | . . . . . Kinetic . | . . . . . Secondary . | . . . . . Self-Inflicted Damage 148 | . 29 119 . . Shots 5 | . 1 4 . . Rammed 1 | . . 1 . . Targets Rammed 8 | . . 8 . . Kicked 7 | . . 7 . . Crushed . | . . . . . Highest Temperature 808 | . 30 808 . 458 Average Temperature 179 | . 11 186 . 178 Received Heat Transfer 360 | . 21 339 . . Effects 39 | . . 30 . 9 Shutdowns 5 | . . 5 . . Energy Bleed 5 | . . 3 . 2 Interference 12 | . . 9 . 3 Matter Decay 5 | . . 3 . 2 Damage (minor) 2 | . . 2 . . Damage (major) 8 | . . 6 . 2 Damage (core) 2 | . . 2 . . Siege Activations . | . . . . . Robots Corrupted . | . . . . . Combat Hostiles . | . . . . . Parts Fried . | . . . . . Impact Corruptions . | . . . . . Robots Melted 2 | . . 1 . 1 Combat Hostiles 1 | . . . . 1 Parts Melted 11 | . . 10 . 1 Heat Transferred 4250 | . 25 3078 . 1147 Parts Sabotaged . | . . . . . Parts Stolen . | . . . . . Parts Stripped . | . . . . . Power Chain Reactions . | . . . . . Alert | -11 -10 -9 -9 -7 ------- Run | Yrd Mat Mat Min Zio Peak Influence 505 | . 332 505 196 . Initial 196 | . . 55 196 . Average 216 | . 157 245 196 . Maximum Alert Level 2 | . 1 2 . . Low Security (%) 42 | 100 56 33 100 . Level 1 46 | . 43 51 . . Level 2 10 | . . 14 . . Level 3 . | . . . . . Level 4 . | . . . . . Level 5 . | . . . . . High Security . | . . . . . Max Security . | . . . . . Squads Dispatched 3 | . 2 1 . . Investigation 1 | . . 1 . . Extermination . | . . . . . Reinforcement 2 | . 2 . . . Assault . | . . . . . Garrison . | . . . . . Intercept . | . . . . . Searches Triggered . | . . . . . Construction Impeded . | . . . . . Haulers Reinforced . | . . . . . Active Scanning Responses . | . . . . . Cargo Convoy Interrupts . | . . . . . Stealth | -11 -10 -9 -9 -7 --------- Run | Yrd Mat Mat Min Zio Distress Signals 2 | . . 2 . . Communications Jammed . | . . . . . Distress Signals . | . . . . . Times Spotted 45 | . 7 32 . 6 Peak Tracking Total 6 | . 3 6 . 2 Tactical Retreats 1 | . . 1 . . Traps | -11 -10 -9 -9 -7 ------- Run | Yrd Mat Mat Min Zio Traps Triggered 4 | . 1 3 . . Indirectly . | . . . . . Trap Hack Attempts . | . . . . . Triggered . | . . . . . Disarmed . | . . . . . Reprogrammed . | . . . . . Reused . | . . . . . Traps Extracted . | . . . . . Installed . | . . . . . Triggered . | . . . . . Machines | -11 -10 -9 -9 -7 ---------- Run | Yrd Mat Mat Min Zio Machines Disabled 5 | . 2 3 . . Max in Single Turn 1 | . 1 1 . . Machines Repaired . | . . . . . Machines Dismantled . | . . . . . Machines Sabotaged . | . . . . . Overloaded Fab Kills . | . . . . . Hacking | -11 -10 -9 -9 -7 --------- Run | Yrd Mat Mat Min Zio Machines Accessed 11 | . 3 8 . . Terminals 9 | . 3 6 . . Fabricators . | . . . . . Repair Stations 1 | . . 1 . . Recycling Units . | . . . . . Scanalyzers 1 | . . 1 . . Garrison Access . | . . . . . Total Hacks 27 | . 5 22 . . Successful 11 | . 1 10 . . Failed 16 | . 4 12 . . Catastrophic 1 | . . 1 . . Database Lockouts . | . . . . . Manual 1 | . 1 . . . Terminals 22 | . 5 17 . . Fabricators . | . . . . . Repair Stations 3 | . . 3 . . Recycling Units . | . . . . . Scanalyzers 2 | . . 2 . . Garrison Access . | . . . . . Terminal Hacks 8 | . 1 7 . . Record 3 | . . 3 . . Alert Level 1 | . . 1 . . Locate Traps 1 | . 1 . . . Dispatch Records 1 | . . 1 . . Maintenance Status 1 | . . 1 . . Zone Layout 1 | . . 1 . . Fabricator Hacks . | . . . . . Repair Station Hacks 2 | . . 2 . . Scan Component 1 | . . 1 . . Repair 1 | . . 1 . . Recycling Unit Hacks . | . . . . . Scanalyzer 1 | . . 1 . . Insert Component 1 | . . 1 . . Garrison Access Hacks . | . . . . . Unauthorized Hacks . | . . . . . Terminals . | . . . . . Fabricators . | . . . . . Repair Stations . | . . . . . Recycling Units . | . . . . . Scanalyzers . | . . . . . Garrison Access . | . . . . . Data Cores Recovered . | . . . . . Used . | . . . . . Hacking Detections 10 | . 2 8 . . Full Trace Events 1 | . . 1 . . Feedback Events . | . . . . . Feedback Blocked . | . . . . . Robot Schematics Acquired . | . . . . . Robots Built . | . . . . . Authchips . | . . . . . Time . | . . . . . Total Robot Build Rating . | . . . . . Part Schematics Acquired . | . . . . . Parts Built . | . . . . . Authchips . | . . . . . Time . | . . . . . Total Part Build Rating . | . . . . . Parts Repaired 1 | . . 1 . . Time 26 | . . 26 . . Parts Recycled . | . . . . . Recycled Matter . | . . . . . Retrieved Matter . | . . . . . Retrieved Components . | . . . . . Parts Scanalyzed . | . . . . . Part Schematics Acquired . | . . . . . Parts Damaged . | . . . . . Bothacking | -11 -10 -9 -9 -7 ------------ Run | Yrd Mat Mat Min Zio Used RIF Installer . | . . . . . Robots Hacked . | . . . . . Non-combat . | . . . . . Combat . | . . . . . Robot Hacks Applied . | . . . . . Relay Couplers Released . | . . . . . Fabnet Peak Effective % . | . . . . . Robots Rewired . | . . . . . Allies Hacked . | . . . . . Hacks Repelled . | . . . . . Allies | -11 -10 -9 -9 -7 -------- Run | Yrd Mat Mat Min Zio Total Allies . | . . . . . Largest Group . | . . . . . Highest-Rated Group . | . . . . . Highest-Rated Ally . | . . . . . Total Orders . | . . . . . Ally Attacks . | . . . . . Total Damage . | . . . . . Kills . | . . . . . Allies Corrupted . | . . . . . Allies Melted . | . . . . . Intel | -11 -10 -9 -9 -7 ------- Run | Yrd Mat Mat Min Zio Robot Analysis Total . | . . . . . Derelict Logs Recovered 1 | . . . 1 . Drone Launches . | . . . . . Drone Recoveries . | . . . . . Exploration | -11 -10 -9 -9 -7 ------------- Run | Yrd Mat Mat Min Zio Turns Passed 2580 | 60 493 1472 56 499 Spaces Moved 1406 | 35 279 778 49 265 Core 3 | 3 . . . . Treads 514 | 32 279 71 . 132 Legs 530 | . . 530 . . Wheels 359 | . . 177 49 133 Hover . | . . . . . Flight . | . . . . . Fastest Speed 50 | 50 160 100 115 100 Average Speed 146 | 150 160 146 115 136 Slowest Speed 260 | 160 160 260 115 160 Overloaded Moves . | . . . . . Propulsion Burnouts . | . . . . . Robots Hopped . | . . . . . Cave-ins Triggered . | . . . . . Exploration Rate (%) 28 | 4 43 63 18 12 Regions Visited 4 Branch Regions 2 Pre-discovered Areas . | . . . . . Known Exits Taken . | . . . . . Unknown Exits Taken 4 | 1 1 1 1 . Scrap Searched . | . . . . . Spaces Dug . | . . . . . Terrain Destroyed 237 | . 90 146 . 1 Melee . | . . . . . Projectile 1 | . . . . 1 AOE 236 | . 90 146 . . Terrain Rammed . | . . . . . Walls Destroyed . | . . . . . Machines Disabled . | . . . . . Actions | -11 -10 -9 -9 -7 --------- Run | Yrd Mat Mat Min Zio Total 1743 | 42 310 992 48 351 Wait 78 | . . 39 . 39 Move 1402 | 34 278 777 48 265 Hop . | . . . . . Pick Up 58 | 4 6 38 . 10 Fast Attach 2 | . 1 1 . . Attach 45 | 4 4 31 . 6 Detach 4 | . 3 1 . . Swap 11 | . 2 8 . 1 Drop 38 | . 2 30 . 6 Fire 97 | . 14 59 . 24 Melee . | . . . . . Ram . | . . . . . Kick 7 | . . 7 . . Crush 1 | . . 1 . . Escape Stasis . | . . . . . Rewire . | . . . . . Trap . | . . . . . Miscellaneous . | . . . . . Route ------- -11/Scrapyard -10/Materials -9/Materials -9/Mines -7/Zion History --------- Turn | Location | Event 22 | -11/Scrapyard | Discovered new exit (range 14) 61 | -11/Scrapyard | Entered Materials 300 | -10/Materials | Build established: Mutant 323 | -10/Materials | Discovered new exit (range 16) 554 | -10/Materials | Entered another Materials area 554 | -9/Materials | Evolved 2 slots: Weapon x2 622 | -9/Materials | Repaired Grenade Launcher 1546 | -9/Materials | Core integrity fell below 50% 1824 | -9/Materials | Discovered new exit (range 15) 2026 | -9/Materials | Entered Mines 2030 | -9/Mines | Learned location of 1 exit from Materials 2080 | -9/Mines | A Derelict revealed a hidden shortcut to a safe place 2082 | -9/Mines | Entered Zion 2136 | -7/Zion | Attacked by Zionites 2141 | -7/Zion | Build established: Gunner 2155 | -7/Zion | Spotted YD-V5F(B) 2155 | -7/Zion | Spotted 1L-4VO(B) 2165 | -7/Zion | Core integrity fell below 20% 2296 | -7/Zion | Destroyed 1L-4VO(B) 2396 | -7/Zion | Found Prototype Device 2513 | -7/Zion | Destroyed YD-V5F(B) 2581 | -7/Zion | Destroyed by T6-3OV(z) with Makeshift Spear Last Messages --------------- 02487_ Acquired 2 matter. 02488_ TP-KCC(z) destroyed. 02495_ Overheating: Energy bleed (-37). 02503_ Hvy. Battle Rifle destroyed. 02503_ Acquired 6 matter. 02506_ #M6 L9EG>R|8#A|CD/A0=GVB< XVV0SCR% 02506_ Spk. Medium Treads destroyed. 02509_ Acquired 2 matter. 02511_ Acquired 5 matter. 02513_ YD-V5F(B) destroyed. 02519_ Acquired 6 matter. 02540_ Acquired 26 matter. 02541_ Acquired 24 matter. 02543_ Acquired 2 matter. 02548_ Dropped Mak. Power Source. 02568_ Acquired 20 matter. 02574_ 6U-3PE(z) pulls a Mak. Hammer out of the Twisted Machinery. 02575_ T6-3OV(z) pulls a Mak. Spear out of the Twisted Machinery. Map ----- +----------------------------------------------------+ | ?????????????????????????????????????????????????? | | ?????????????????????????????????????????????????? | | ?????????????????????????????????????????????????? | | ?????????????????????????????????????????????????? | | ?????????????????????????????????????????????????? | | ?????????????????????????????????????????????????? | | ?????????????????????????????????????????????????? | | ?????????????????????????????????????????????????? | | ?????????????????????????????????????????????????? | | ?????????????????????????????????????????????????? | | ??????????????????????????????????????????????#### | | ??????????????????????????????????????###??#### | | ??????????????????????????????????????# #### | | ??????????????????????????????????????# " "## | | ??????????????????????????????????????# " | | ??????????????????????????????????????# | | ??????????????????????????????????????# """## | | ??????????????? ?????????????????????##"""# | | ??????????????? ???????????????????###### | | ???????????????? ?????#####????????????## | | ????????????????"" "????# "############## | | ????????????????#" ""???# "" "" """"""## | | ????????????????#"" $""### " """ ##" | | ?????????????????#"" " # *"""" | | ?????????????????#"" z z | | ???????????????""" @ / = "# | | ???????????????"""""""" # ######### | | ?????????????????""""""#### """" """#???????# | | ??????????????????" """???# """"""""""""#???????? | | ??????????????????? "????# "############???????? | | ??????????????????????????#####?????????????????## | | ???????????????????????????????????????????????## | | ???????????????????????????????????????????????#[ | | ?????????????????????????????????????????????###] | | ???????????????????????????????????????????####"[% | | ??????????????????????????????????????????## ""= | | ??????????????????????????????????????????# | | ??????????????????????????????????????????#" "# | | ??????????????????????????????????????????######## | | ?????????????????????????????????????????????????? | | ?????????????????????????????????????????????????? | | ?????????????????????????????????????????????????? | | ?????????????????????????????????????????????????? | | ?????????????????????????????????????????????????? | | ?????????????????????????????????????????????????? | | ?????????????????????????????????????????????????? | | ?????????????????????????????????????????????????? | | ?????????????????????????????????????????????????? | | ?????????????????????????????????????????????????? | | ?????????????????????????????????????????????????? | +----------------------------------------------------+ Best States ------------- Heat Dissipation 60 Energy Generation 15 Energy Capacity 265 Matter Stores 300 Matter Capacity 300 Sight Range 16 Terrain Scan Range 14 Terrain Scan Density 85 Armor Coverage 375 Evasion (%) 55 Targeting Accuracy 12 Recoil Reduction 2 Item Schematics ----------------- None Robot Schematics ------------------ None Fabricated ------------ Nothing Alien Tech Used ----------------- None Achievements -------------- Remodeling Safety First Challenges ------------ None Game ------ Seed CatalystMeleeDrive Manual? 0 Play Time 00:40:58 Cumulative 2.9 hours Start 2024.05.17 @ 00:25:58 End 2024.05.17 @ 01:06:15 Sessions 1 Manual Loads 0 Difficulty Rogue Special Mode None Game No. 4 Rogue 4 Adventurer 0 Explorer 0 Win Type - Total 0 Types 0/0/0/0/0/0/0/0/0 Lore% 2 Gallery% 8 Achievement% 8 Wizard Run 0 Options --------- Layout 1 ASCII 0 Keyboard 0 Movement Mouse Keybinds 0 Fullscreen 1 Font 24/Smallcaps Map View 50x35 Zoom Use 0% Tactical HUD 1 Map Filters NONE Filters NONE Steam 1 RUN: 921168d4-7f6e-4e42-9bad-c2f02fabb031